Workbook
Name Comptes_de_depenses: #REF!
Name Operation: #REF!
Name postes: #REF!
Name Semaines: 'Calcul Action'!$D$15:INDEX('Calcul Action'!$E$15:$V$15,1,'Calcul Action'!$D$19)
Name ValsAction: 'Calcul Action'!$D$16:INDEX('Calcul Action'!$E$16:$V$16,1,'Calcul Action'!$D$19)

Sheet Démarrage
B2: Information générale
B4: Nom de l'entreprise et du produit | G4: Calendrier | K4: Temps des Fêtes | L4: Clôture | M4: Semaine | N4: S# | O4: Semaine Active
B6: Nom de l'entreprise : | G6: Début de l'entreprise (Semaine finissant le) : | J6: 45942
B7: Produit : | G7: Date de fermeture (Semaine finissant le) : | J7: 46110
H9: Du Lundi | I9: Au Dimanche
B10: Taux/chiffres importants | G10: ="Semaine"&M10&" ("&N10&")" -> Semaine1 (D1) | H10: =J6-WEEKDAY(J6,3) -> 45936 | I10: =IF(K10,H10+20,H10+6) -> 45942 | J10: =IF(K10,$K$4,"")&IF(AND(K10:L10),", ","")&IF(L10,$L$4,"") | K10: =IFERROR(IF(AND(MONTH(H10)=12,DAY(H10)>=17),TRUE,FALSE),FALSE) -> FALSE | L10: =IF(OR(IFERROR(FIND("S18",G10),FALSE),AND($J$7<=I10,$J$7>=H10)),TRUE,FALSE) -> FALSE | M10: 1 | N10: D1 | O10: TRUE
G11: ="Semaine "&M11&" ("&N11&")" -> Semaine 2 (D2) | H11: =I10+1 -> 45943 | I11: =IF(K11,H11+20,H11+6) -> 45949 | J11: =IF(K11,$K$4,"")&IF(AND(K11:L11),", ","")&IF(L11,$L$4,"") | K11: =IFERROR(IF(AND(MONTH(H11)=12,DAY(H11)>=17),TRUE,FALSE),FALSE) -> FALSE | L11: =IF(OR(IFERROR(FIND("S18",G11),FALSE),AND($J$7<=I11,$J$7>=H11)),TRUE,FALSE) -> FALSE | M11: 2 | N11: D2 | O11: TRUE
B12: Taux de commission | E12: 0.1 | G12: ="Semaine "&M12&" ("&N12&")" -> Semaine 3 (D3) | H12: =I11+1 -> 45950 | I12: =IF(K12,H12+20,H12+6) -> 45956 | J12: =IF(K12,$K$4,"")&IF(AND(K12:L12),", ","")&IF(L12,$L$4,"") | K12: =IFERROR(IF(AND(MONTH(H12)=12,DAY(H12)>=17),TRUE,FALSE),FALSE) -> FALSE | L12: =IF(OR(IFERROR(FIND("S18",G12),FALSE),AND($J$7<=I12,$J$7>=H12)),TRUE,FALSE) -> FALSE | M12: 3 | N12: D3 | O12: TRUE
B13: Rémunération, taux horaire | E13: 0.25 | G13: ="Semaine "&M13&" ("&N13&")" -> Semaine 4 (D4) | H13: =I12+1 -> 45957 | I13: =IF(K13,H13+20,H13+6) -> 45963 | J13: =IF(K13,$K$4,"")&IF(AND(K13:L13),", ","")&IF(L13,$L$4,"") | K13: =IFERROR(IF(AND(MONTH(H13)=12,DAY(H13)>=17),TRUE,FALSE),FALSE) -> FALSE | L13: =IF(OR(IFERROR(FIND("S18",G13),FALSE),AND($J$7<=I13,$J$7>=H13)),TRUE,FALSE) -> FALSE | M13: 4 | N13: D4 | O13: TRUE
B14: Redevances JA Québec | E14: 0.035 | G14: ="Semaine "&M14&" ("&N14&")" -> Semaine 5 (D5) | H14: =I13+1 -> 45964 | I14: =IF(K14,H14+20,H14+6) -> 45970 | J14: =IF(K14,$K$4,"")&IF(AND(K14:L14),", ","")&IF(L14,$L$4,"") | K14: =IFERROR(IF(AND(MONTH(H14)=12,DAY(H14)>=17),TRUE,FALSE),FALSE) -> FALSE | L14: =IF(OR(IFERROR(FIND("S18",G14),FALSE),AND($J$7<=I14,$J$7>=H14)),TRUE,FALSE) -> FALSE | M14: 5 | N14: D5 | O14: TRUE
B15: Taux d'imposition | E15: 0.25 | G15: ="Semaine "&M15&" ("&N15&")" -> Semaine 1 (S1) | H15: =I14+1 -> 45971 | I15: =IF(K15,H15+20,H15+6) -> 45977 | J15: =IF(K15,$K$4,"")&IF(AND(K15:L15),", ","")&IF(L15,$L$4,"") | K15: =IFERROR(IF(AND(MONTH(H15)=12,DAY(H15)>=17),TRUE,FALSE),FALSE) -> FALSE | L15: =IF(OR(IFERROR(FIND("S18",G15),FALSE),AND($J$7<=I15,$J$7>=H15)),TRUE,FALSE) -> FALSE | M15: 1 | N15: S1 | O15: TRUE
B16: Prix initial d'une action | E16: 10 | G16: =IF(O16,"Semaine "&M16&" ("&N16&")","") -> Semaine 2 (S2) | H16: =IF(O16,I15+1,"") -> 45978 | I16: =IF(O16,IF(K16,H16+20,H16+6),"") -> 45984 | J16: =IF(K16,$K$4,"")&IF(AND(K16:L16),", ","")&IF(L16,$L$4,"") | K16: =IFERROR(IF(AND(MONTH(H16)=12,DAY(H16)>=17),TRUE,FALSE),FALSE) -> FALSE | L16: =IF(OR(IFERROR(FIND("S18",G16),FALSE),AND($J$7<=I16,$J$7>=H16)),TRUE,FALSE) -> FALSE | M16: 2 | N16: S2 | O16: =NOT(OR($L$15:L15)) -> TRUE
B17: Facture JA Québec | E17: =SUM(Seuil!D15:D17) -> 350 | G17: =IF(O17,"Semaine "&M17&" ("&N17&")","") -> Semaine 3 (S3) | H17: =IF(O17,I16+1,"") -> 45985 | I17: =IF(O17,IF(K17,H17+20,H17+6),"") -> 45991 | J17: =IF(K17,$K$4,"")&IF(AND(K17:L17),", ","")&IF(L17,$L$4,"") | K17: =IFERROR(IF(AND(MONTH(H17)=12,DAY(H17)>=17),TRUE,FALSE),FALSE) -> FALSE | L17: =IF(OR(IFERROR(FIND("S18",G17),FALSE),AND($J$7<=I17,$J$7>=H17)),TRUE,FALSE) -> FALSE | M17: 3 | N17: S3 | O17: =NOT(OR($L$15:L16)) -> TRUE
G18: =IF(O18,"Semaine "&M18&" ("&N18&")","") -> Semaine 4 (S4) | H18: =IF(O18,I17+1,"") -> 45992 | I18: =IF(O18,IF(K18,H18+20,H18+6),"") -> 45998 | J18: =IF(K18,$K$4,"")&IF(AND(K18:L18),", ","")&IF(L18,$L$4,"") | K18: =IFERROR(IF(AND(MONTH(H18)=12,DAY(H18)>=17),TRUE,FALSE),FALSE) -> FALSE | L18: =IF(OR(IFERROR(FIND("S18",G18),FALSE),AND($J$7<=I18,$J$7>=H18)),TRUE,FALSE) -> FALSE | M18: 4 | N18: S4 | O18: =NOT(OR($L$15:L17)) -> TRUE
G19: =IF(O19,"Semaine "&M19&" ("&N19&")","") -> Semaine 5 (S5) | H19: =IF(O19,I18+1,"") -> 45999 | I19: =IF(O19,IF(K19,H19+20,H19+6),"") -> 46005 | J19: =IF(K19,$K$4,"")&IF(AND(K19:L19),", ","")&IF(L19,$L$4,"") | K19: =IFERROR(IF(AND(MONTH(H19)=12,DAY(H19)>=17),TRUE,FALSE),FALSE) -> FALSE | L19: =IF(OR(IFERROR(FIND("S18",G19),FALSE),AND($J$7<=I19,$J$7>=H19)),TRUE,FALSE) -> FALSE | M19: 5 | N19: S5 | O19: =NOT(OR($L$15:L18)) -> TRUE
B20: Information Logiciel | G20: =IF(O20,"Semaine "&M20&" ("&N20&")","") -> Semaine 6 (S6) | H20: =IF(O20,I19+1,"") -> 46006 | I20: =IF(O20,IF(K20,H20+20,H20+6),"") -> 46012 | J20: =IF(K20,$K$4,"")&IF(AND(K20:L20),", ","")&IF(L20,$L$4,"") | K20: =IFERROR(IF(AND(MONTH(H20)=12,DAY(H20)>=17),TRUE,FALSE),FALSE) -> FALSE | L20: =IF(OR(IFERROR(FIND("S18",G20),FALSE),AND($J$7<=I20,$J$7>=H20)),TRUE,FALSE) -> FALSE | M20: 6 | N20: S6 | O20: =NOT(OR($L$15:L19)) -> TRUE
G21: =IF(O21,"Semaine "&M21&" ("&N21&")","") -> Semaine 7 (S7) | H21: =IF(O21,I20+1,"") -> 46013 | I21: =IF(O21,IF(K21,H21+13,H21+6),"") -> 46026 | J21: =IF(K21,$K$4,"")&IF(AND(K21:L21),", ","")&IF(L21,$L$4,"") -> Temps des Fêtes | K21: =IFERROR(IF(AND(MONTH(H21)=12,DAY(H21)>=17),TRUE,FALSE),FALSE) -> TRUE | L21: =IF(OR(IFERROR(FIND("S18",G21),FALSE),AND($J$7<=I21,$J$7>=H21)),TRUE,FALSE) -> FALSE | M21: 7 | N21: S7 | O21: =NOT(OR($L$15:L20)) -> TRUE
B22: Version | D22: 3.1 | G22: =IF(O22,"Semaine "&M22&" ("&N22&")","") -> Semaine 8 (S8) | H22: =IF(O22,I21+1,"") -> 46027 | I22: =IF(O22,IF(K22,H22+20,H22+6),"") -> 46033 | J22: =IF(K22,$K$4,"")&IF(AND(K22:L22),", ","")&IF(L22,$L$4,"") | K22: =IFERROR(IF(AND(MONTH(H22)=12,DAY(H22)>=17),TRUE,FALSE),FALSE) -> FALSE | L22: =IF(OR(IFERROR(FIND("S18",G22),FALSE),AND($J$7<=I22,$J$7>=H22)),TRUE,FALSE) -> FALSE | M22: 8 | N22: S8 | O22: =NOT(OR($L$15:L21)) -> TRUE
B23: Date | D23: 45518 | G23: =IF(O23,"Semaine "&M23&" ("&N23&")","") -> Semaine 9 (S9) | H23: =IF(O23,I22+1,"") -> 46034 | I23: =IF(O23,IF(K23,H23+20,H23+6),"") -> 46040 | J23: =IF(K23,$K$4,"")&IF(AND(K23:L23),", ","")&IF(L23,$L$4,"") | K23: =IFERROR(IF(AND(MONTH(H23)=12,DAY(H23)>=17),TRUE,FALSE),FALSE) -> FALSE | L23: =IF(OR(IFERROR(FIND("S18",G23),FALSE),AND($J$7<=I23,$J$7>=H23)),TRUE,FALSE) -> FALSE | M23: 9 | N23: S9 | O23: =NOT(OR($L$15:L22)) -> TRUE
B24: © JM, HL, 2009-2025 | G24: =IF(O24,"Semaine "&M24&" ("&N24&")","") -> Semaine 10 (S10) | H24: =IF(O24,I23+1,"") -> 46041 | I24: =IF(O24,IF(K24,H24+20,H24+6),"") -> 46047 | J24: =IF(K24,$K$4,"")&IF(AND(K24:L24),", ","")&IF(L24,$L$4,"") | K24: =IFERROR(IF(AND(MONTH(H24)=12,DAY(H24)>=17),TRUE,FALSE),FALSE) -> FALSE | L24: =IF(OR(IFERROR(FIND("S18",G24),FALSE),AND($J$7<=I24,$J$7>=H24)),TRUE,FALSE) -> FALSE | M24: 10 | N24: S10 | O24: =NOT(OR($L$15:L23)) -> TRUE
G25: =IF(O25,"Semaine "&M25&" ("&N25&")","") -> Semaine 11 (S11) | H25: =IF(O25,I24+1,"") -> 46048 | I25: =IF(O25,IF(K25,H25+20,H25+6),"") -> 46054 | J25: =IF(K25,$K$4,"")&IF(AND(K25:L25),", ","")&IF(L25,$L$4,"") | K25: =IFERROR(IF(AND(MONTH(H25)=12,DAY(H25)>=17),TRUE,FALSE),FALSE) -> FALSE | L25: =IF(OR(IFERROR(FIND("S18",G25),FALSE),AND($J$7<=I25,$J$7>=H25)),TRUE,FALSE) -> FALSE | M25: 11 | N25: S11 | O25: =NOT(OR($L$15:L24)) -> TRUE
G26: =IF(O26,"Semaine "&M26&" ("&N26&")","") -> Semaine 12 (S12) | H26: =IF(O26,I25+1,"") -> 46055 | I26: =IF(O26,IF(K26,H26+20,H26+6),"") -> 46061 | J26: =IF(K26,$K$4,"")&IF(AND(K26:L26),", ","")&IF(L26,$L$4,"") | K26: =IFERROR(IF(AND(MONTH(H26)=12,DAY(H26)>=17),TRUE,FALSE),FALSE) -> FALSE | L26: =IF(OR(IFERROR(FIND("S18",G26),FALSE),AND($J$7<=I26,$J$7>=H26)),TRUE,FALSE) -> FALSE | M26: 12 | N26: S12 | O26: =NOT(OR($L$15:L25)) -> TRUE
G27: =IF(O27,"Semaine "&M27&" ("&N27&")","") -> Semaine 13 (S13) | H27: =IF(O27,I26+1,"") -> 46062 | I27: =IF(O27,IF(K27,H27+20,H27+6),"") -> 46068 | J27: =IF(K27,$K$4,"")&IF(AND(K27:L27),", ","")&IF(L27,$L$4,"") | K27: =IFERROR(IF(AND(MONTH(H27)=12,DAY(H27)>=17),TRUE,FALSE),FALSE) -> FALSE | L27: =IF(OR(IFERROR(FIND("S18",G27),FALSE),AND($J$7<=I27,$J$7>=H27)),TRUE,FALSE) -> FALSE | M27: 13 | N27: S13 | O27: =NOT(OR($L$15:L26)) -> TRUE
G28: =IF(O28,"Semaine "&M28&" ("&N28&")","") -> Semaine 14 (S14) | H28: =IF(O28,I27+1,"") -> 46069 | I28: =IF(O28,IF(K28,H28+20,H28+6),"") -> 46075 | J28: =IF(K28,$K$4,"")&IF(AND(K28:L28),", ","")&IF(L28,$L$4,"") | K28: =IFERROR(IF(AND(MONTH(H28)=12,DAY(H28)>=17),TRUE,FALSE),FALSE) -> FALSE | L28: =IF(OR(IFERROR(FIND("S18",G28),FALSE),AND($J$7<=I28,$J$7>=H28)),TRUE,FALSE) -> FALSE | M28: 14 | N28: S14 | O28: =NOT(OR($L$15:L27)) -> TRUE
G29: =IF(O29,"Semaine "&M29&" ("&N29&")","") -> Semaine 15 (S15) | H29: =IF(O29,I28+1,"") -> 46076 | I29: =IF(O29,IF(K29,H29+20,H29+6),"") -> 46082 | J29: =IF(K29,$K$4,"")&IF(AND(K29:L29),", ","")&IF(L29,$L$4,"") | K29: =IFERROR(IF(AND(MONTH(H29)=12,DAY(H29)>=17),TRUE,FALSE),FALSE) -> FALSE | L29: =IF(OR(IFERROR(FIND("S18",G29),FALSE),AND($J$7<=I29,$J$7>=H29)),TRUE,FALSE) -> FALSE | M29: 15 | N29: S15 | O29: =NOT(OR($L$15:L28)) -> TRUE
G30: =IF(O30,"Semaine "&M30&" ("&N30&")","") -> Semaine 16 (S16) | H30: =IF(O30,I29+1,"") -> 46083 | I30: =IF(O30,IF(K30,H30+20,H30+6),"") -> 46089 | J30: =IF(K30,$K$4,"")&IF(AND(K30:L30),", ","")&IF(L30,$L$4,"") | K30: =IFERROR(IF(AND(MONTH(H30)=12,DAY(H30)>=17),TRUE,FALSE),FALSE) -> FALSE | L30: =IF(OR(IFERROR(FIND("S18",G30),FALSE),AND($J$7<=I30,$J$7>=H30)),TRUE,FALSE) -> FALSE | M30: 16 | N30: S16 | O30: =NOT(OR($L$15:L29)) -> TRUE
G31: =IF(O31,"Semaine "&M31&" ("&N31&")","") -> Semaine 17 (S17) | H31: =IF(O31,I30+1,"") -> 46090 | I31: =IF(O31,IF(K31,H31+20,H31+6),"") -> 46096 | J31: =IF(K31,$K$4,"")&IF(AND(K31:L31),", ","")&IF(L31,$L$4,"") | K31: =IFERROR(IF(AND(MONTH(H31)=12,DAY(H31)>=17),TRUE,FALSE),FALSE) -> FALSE | L31: =IF(OR(IFERROR(FIND("S18",G31),FALSE),AND($J$7<=I31,$J$7>=H31)),TRUE,FALSE) -> FALSE | M31: 17 | N31: S17 | O31: =NOT(OR($L$15:L30)) -> TRUE
G32: =IF(O32,"Semaine "&M32&" ("&N32&")","") -> Semaine 18 (S18) | H32: =IF(O32,I31+1,"") -> 46097 | I32: =IF(O32,IF(K32,H32+20,H32+6),"") -> 46103 | J32: =IF(K32,$K$4,"")&IF(AND(K32:L32),", ","")&IF(L32,$L$4,"") -> Clôture | K32: =IFERROR(IF(AND(MONTH(H32)=12,DAY(H32)>=17),TRUE,FALSE),FALSE) -> FALSE | L32: =IF(OR(IFERROR(FIND("S18",G32),FALSE),AND($J$7<=I32,$J$7>=H32)),TRUE,FALSE) -> TRUE | M32: 18 | N32: S18 | O32: =NOT(OR($L$15:L31)) -> TRUE

Sheet Seuil
B2: Seuil de rentabilité
B5: Frais fixes | F5: Frais variables | J5: Seuil de rentabilité
B7: Ressources humaines | F7: Description | H7: $ / unité produite | J7: Bénéfice brut par unité
F9: 1 | J9: Prix de vente au détail à l'unité (taxes inc.)
F10: 2 | J10: Commission | K10: =(K9)*Démarrage!E12 -> 0
B11: Sous-total | D11: =SUM(D9:D10) -> 0 | F11: 3 | J11: Redevances J.E. | K11: =(K9)*Démarrage!E14 -> 0
F12: 4 | J12: Coûts variables unitaires | K12: =H24 -> 0
B13: Administration | F13: 5
F14: 6 | J14: Bénéfice brut par unité | K14: =K9-(K10+K11+K12) -> 0
B15: Frais de participation COJEQ | D15: 350 | F15: 7
G16: Sous-total | H16: =SUM(H9:H15) -> 0
J17: Seuile de rentabilité
F18: Pertes
J19: Coûts fixes totaux | K19: =D44 -> 350
B20: Sous-total | D20: =SUM(D15:D19) -> 350 | G20: % de pertes | H20: 0.1
J21: Bénéfice brut par unité | K21: =K14 -> 0
B22: Marketing | F22: Coût variable unitaire
J23: Seuil de rentabilité en unité | K23: =IF(K9="","",ROUNDUP(K19/K14,0))
G24: Coût variable unitaire | H24: =H16*(1+H20) -> 0
B27: Sous total | D27: =SUM(D24:D26) -> 0
B29: Finances
B33: Sous-total | D33: =SUM(D31:D32) -> 0
B35: Autres frais fixes
B40: Sous-total | D40: =SUM(D37:D39) -> 0
B42: Total des frais fixes
B44: Total | D44: =D33+D27+D20+D11+D40 -> 350

Sheet Calcul Action
A2: Nombre d'actions | B2: =COUNTIF(#REF!,"<>"&"") -> #REF!
A3: Actif | B3: =#REF!+#REF! -> #REF!
A4: Passifs | B4: =#REF!+#REF! -> #REF!
D6: D1-D5 | E6: {=IF(TRANSPOSE(Démarrage!O15:O32),TRANSPOSE(Démarrage!N15:N32),"")} -> S1 | F6: S2 | G6: S3 | H6: S4 | I6: S5 | J6: S6 | K6: S7 | L6: S8 | M6: S9 | N6: S10 | O6: S11 | P6: S12 | Q6: S13 | R6: S14 | S6: S15 | T6: S16 | U6: S17 | V6: S18
D7: =SUMIF(#REF!,"="&"D*",#REF!)+SUMIF(#REF!,"="&"D*",#REF!) -> #REF! | E7: =SUMIF(#REF!,"="&E6,#REF!)+SUMIF(#REF!,"="&E6,#REF!) -> #REF! | F7: =SUMIF(#REF!,"="&F6,#REF!)+SUMIF(#REF!,"="&F6,#REF!) -> #REF! | G7: =SUMIF(#REF!,"="&G6,#REF!)+SUMIF(#REF!,"="&G6,#REF!) -> #REF! | H7: =SUMIF(#REF!,"="&H6,#REF!)+SUMIF(#REF!,"="&H6,#REF!) -> #REF! | I7: =SUMIF(#REF!,"="&I6,#REF!)+SUMIF(#REF!,"="&I6,#REF!) -> #REF! | J7: =SUMIF(#REF!,"="&J6,#REF!)+SUMIF(#REF!,"="&J6,#REF!) -> #REF! | K7: =SUMIF(#REF!,"="&K6,#REF!)+SUMIF(#REF!,"="&K6,#REF!) -> #REF! | L7: =SUMIF(#REF!,"="&L6,#REF!)+SUMIF(#REF!,"="&L6,#REF!) -> #REF! | ... V7: =SUMIF(#REF!,"="&V6,#REF!)+SUMIF(#REF!,"="&V6,#REF!) -> #REF!
D8: =SUMIF(#REF!,"="&"D*",#REF!)+SUMIF(#REF!,"="&"D*",#REF!) -> #REF! | E8: =SUMIF(#REF!,"="&E6,#REF!)+SUMIF(#REF!,"="&E6,#REF!) -> #REF! | F8: =SUMIF(#REF!,"="&F6,#REF!)+SUMIF(#REF!,"="&F6,#REF!) -> #REF! | G8: =SUMIF(#REF!,"="&G6,#REF!)+SUMIF(#REF!,"="&G6,#REF!) -> #REF! | H8: =SUMIF(#REF!,"="&H6,#REF!)+SUMIF(#REF!,"="&H6,#REF!) -> #REF! | I8: =SUMIF(#REF!,"="&I6,#REF!)+SUMIF(#REF!,"="&I6,#REF!) -> #REF! | J8: =SUMIF(#REF!,"="&J6,#REF!)+SUMIF(#REF!,"="&J6,#REF!) -> #REF! | K8: =SUMIF(#REF!,"="&K6,#REF!)+SUMIF(#REF!,"="&K6,#REF!) -> #REF! | L8: =SUMIF(#REF!,"="&L6,#REF!)+SUMIF(#REF!,"="&L6,#REF!) -> #REF! | ... V8: =SUMIF(#REF!,"="&V6,#REF!)+SUMIF(#REF!,"="&V6,#REF!) -> #REF!
D10: D1-D5 | E10: =E6 -> S1 | F10: =F6 -> S2 | G10: =G6 -> S3 | H10: =H6 -> S4 | I10: =I6 -> S5 | J10: =J6 -> S6 | K10: =K6 -> S7 | L10: =L6 -> S8 | ... V10: =V6 -> S18
A11: Actif Cumul | D11: =SUM($D$7:D7) -> #REF! | E11: =SUM($D$7:E7) -> #REF! | F11: =SUM($D$7:F7) -> #REF! | G11: =SUM($D$7:G7) -> #REF! | H11: =SUM($D$7:H7) -> #REF! | I11: =SUM($D$7:I7) -> #REF! | J11: =SUM($D$7:J7) -> #REF! | K11: =SUM($D$7:K7) -> #REF! | ... V11: =SUM($D$7:V7) -> #REF!
A12: Passif Cumul | D12: =SUM($D$8:D8) -> #REF! | E12: =SUM($D$8:E8) -> #REF! | F12: =SUM($D$8:F8) -> #REF! | G12: =SUM($D$8:G8) -> #REF! | H12: =SUM($D$8:H8) -> #REF! | I12: =SUM($D$8:I8) -> #REF! | J12: =SUM($D$8:J8) -> #REF! | K12: =SUM($D$8:K8) -> #REF! | ... V12: =SUM($D$8:V8) -> #REF!
A13: Avoir Actionnaires | D13: =D11-D12 -> #REF! | E13: =E11-E12 -> #REF! | F13: =F11-F12 -> #REF! | G13: =G11-G12 -> #REF! | H13: =H11-H12 -> #REF! | I13: =I11-I12 -> #REF! | J13: =J11-J12 -> #REF! | K13: =K11-K12 -> #REF! | ... V13: =V11-V12 -> #REF!
C15: Semaine | D15: Démarrage | E15: =E6 -> S1 | F15: =F6 -> S2 | G15: =G6 -> S3 | H15: =H6 -> S4 | I15: =I6 -> S5 | J15: =J6 -> S6 | K15: =K6 -> S7 | L15: =L6 -> S8 | ... V15: =V6 -> S18
C16: Valeur de l'Action | D16: =D13/$B$2 -> #REF! | E16: =E13/$B$2 -> #REF! | F16: =IF(F15<>"",F13/$B$2,NA()) -> #REF! | G16: =IF(G15<>"",G13/$B$2,NA()) -> #REF! | H16: =IF(H15<>"",H13/$B$2,NA()) -> #REF! | I16: =IF(I15<>"",I13/$B$2,NA()) -> #REF! | J16: =IF(J15<>"",J13/$B$2,NA()) -> #REF! | K16: =IF(K15<>"",K13/$B$2,NA()) -> #REF! | L16: =IF(L15<>"",L13/$B$2,NA()) -> #REF! | M16: =IF(M15<>"",M13/$B$2,NA()) -> #REF! | ... V16: =IF(V15<>"",V13/$B$2,NA()) -> #REF!
C19: Nb de semaines | D19: =COUNTIF(Démarrage!O15:O32,TRUE) -> 18
